 Dungeon Crawl Stone Soup version 0.31-a0-108-gdf935468f2 (webtiles) character file.

Game seed: 7929247097997862560

84 wtrnl the Chiller (level 4, -2/27 HPs)
             Began as an Octopode Ice Elementalist on May 27, 2023.
             Slain by Grinder (9 damage)
             ... on level 3 of the Dungeon.
             The game lasted 00:05:02 (2109 turns).

wtrnl the Chiller (Octopode Ice Elementalist)       Turns: 2109, Time: 00:05:02

Health: -2/27      AC:  3    Str:  5 (7)  XL:     4   Next: 46%
Magic:  3/7        EV: 13    Int: 18 (19) God:
Gold:   118        SH:  0    Dex:  9 (12) Spells: 2/7 levels left

rFire   . . .        c - +0 dagger (drain)
rCold   . . .        (no shield)
rNeg    . . .        (helmet restricted)
rPois   .            (no amulet)
rElec   .            (no ring)
rCorr   .            (no ring)
SInv    .            (no ring)
Will    +....        (no ring)
Stlth   +++          (no ring)
HPRegen 0.24/turn    (no ring)
MPRegen 0.10/turn    (no ring)
                     (no ring)

%: no passive effects
@: no status effects
A: almost no armour, amphibious, 8 rings, camouflage 1, gelatinous body 1,
(nimble swimmer 1), tentacles, antennae 1, iridescent scales 1, strong-willed 1
a: no special abilities


You were on level 3 of the Dungeon.
You visited 1 branch of the dungeon, and saw 3 of its levels.

You collected 118 gold pieces.

Inventory:

Hand Weapons
 b - a +0 dagger
 c - a +0 dagger of draining (weapon)
Scrolls
 d - a scroll of torment {unknown}
 e - a scroll of identify {unknown}
 g - a scroll of blinking
 h - 2 scrolls of silence {unknown}
 l - a scroll of fog
 n - 2 scrolls of enchant armour
 o - a scroll of acquirement {unknown}
 p - a scroll of poison {unknown}
Potions
 a - a potion of magic
 f - a potion of degeneration
 i - a potion of cancellation {unknown}
 j - a potion of resistance {unknown}
 k - a potion of mutation
 m - a potion of heal wounds {unknown}


   Skills:
 + Level 0.3 Fighting
 + Level 0.5 Short Blades
 + Level 2.2 Dodging
 + Level 4.3 Stealth
 + Level 2.2 Spellcasting
 + Level 0.4 Conjurations
 + Level 4.7 Ice Magic


You had 2 spell levels left.
You knew the following spells:

 Your Spells              Type           Power      Damage    Failure   Level
a - Freeze                Ice            76%        1d8       2%          1
b - Frozen Ramparts       Ice            38%        1d6       8%          3
c - Magic Dart            Conj           12%        1d3       14%         1

Your spell library contained the following spells:

 Spells                   Type           Power      Damage    Failure   Level
 Searing Ray              Conj           6%         2d4       22%         2
 Ozocubu's Armour         Ice            19%        N/A       8%          3
 Portal Projectile        Hex/Tloc       4%         N/A       47%         3
 Tukima's Dance           Hex            2%         N/A       47%         3
 Summon Ice Beast         Ice/Summ       10%        N/A       54%         4
 Fulminant Prism          Conj/Hex       1%         3d5       85%         4
 Blade Hands              Tmut           1%         N/A       99%         5


Dungeon Overview and Level Annotations

Branches:
Dungeon (3/15)

Altars:
The Shining One

Annotations:
D:3 Grinder


Innate Abilities, Weirdness & Mutations

You cannot wear most types of armour.
You are amphibious.
You can wear up to eight rings at the same time.
Your skin changes colour to match your surroundings (Stealth+).
Your rubbery body absorbs attacks. (AC +1, EV +1)
((You are camouflaged when in or above water. (Stealth+)))
You have tentacles for arms and can constrict up to eight enemies at once.
You have a pair of small antennae on your head.
You are partially covered in iridescent scales. (AC +2)
You are strong-willed. (Will+)


Message History

Sorry, you're not good enough to have a special ability.
It was a potion of degeneration.
There was something very wrong with that liquid.
You feel weakened.
You feel dopey.
You feel clumsy.
The wall freezes Grinder but does no damage.
Okay, then.
You hit Grinder but do no damage. You grab Grinder.
You constrict Grinder, but do no damage.
Grinder completely resists.
The wall freezes Grinder but does no damage.
Grinder barely misses you.
You hit Grinder but do no damage.
You constrict Grinder, but do no damage.
Grinder resists.
The wall freezes Grinder.
Grinder hits you.
You writhe in agony.
You hit Grinder but do no damage.
You tentacle-slap Grinder, but do no damage.
Grinder is lightly wounded.
You constrict Grinder.
Grinder completely resists.
The wall freezes Grinder but does no damage.
Grinder struggles to blink free from constriction.
You hit Grinder but do no damage.
Grinder is lightly wounded.
You constrict Grinder.
Grinder resists.
The wall freezes Grinder.
Grinder misses you.
You hit Grinder but do no damage.
Grinder is lightly wounded.
The frozen ramparts melt away.
You constrict Grinder. Grinder closely misses you.
You hit Grinder but do no damage.
Grinder is lightly wounded.
You constrict Grinder. Grinder hits you.
You writhe in agony.
* * * LOW HITPOINT WARNING * * *
You barely miss Grinder.
Grinder is lightly wounded.
You constrict Grinder. Grinder misses you.
You hit Grinder but do no damage. Your squeeze misses Grinder.
Grinder is moderately wounded.
You constrict Grinder. Grinder hits you!
You die...

#...+#.##......#.........#####
#.......#......#...##...######
#.......#.....##..........#...
#.......#.....................
#.......#.....................
#.......#.....................
###...........................
#.........#.5#..........<##..
#.....<...#.@#............#..
#......#+##))#............#..
#............#............##)
#............#..............#
#........................##.#
#...................#....##..
#...................####.†...
#......................#+.#..
#.#........#..........#......


You could see Grinder.

Vanquished Creatures
  2 adders
  A dart slug (D:1)
  9 orcs (D:3)
  5 endoplasms
  A giant cockroach (D:3)
  3 hobgoblins
  13 kobolds
  3 quokkas
  4 ball pythons
  6 bats
  A frilled lizard (D:3)
  6 rats
54 creatures vanquished.

Notes
Turn   | Place    | Note
-------+----------+-------------------------------------------
     0 | D:1      | wtrnl the Octopode Ice Elementalist began the quest for the
                  | Orb.
     0 | D:1      | Reached XP level 1. HP: 11/11 MP: 3/3
   190 | D:1      | Reached XP level 2. HP: 17/17 MP: 5/5
  1212 | D:2      | Found a glowing golden altar of the Shining One.
  1224 | D:2      | Reached XP level 3. HP: 21/21 MP: 6/6
  1228 | D:2      | Learned a level 3 spell: Frozen Ramparts
  1230 | D:2      | Learned a level 1 spell: Magic Dart
  1566 | D:3      | Noticed Grinder
  1803 | D:3      | Reached XP level 4. HP: 23/27 MP: 7/7
  2100 | D:3      | Gained mutation: You are partially covered in iridescent
                  | scales. (AC +2) [potion of mutation]
  2100 | D:3      | Gained mutation: You are strong-willed. (Will+) [potion of
                  | mutation]
  2100 | D:3      | Gained mutation: You have a pair of small antennae on your
                  | head. [potion of mutation]
  2109 | D:3      | Slain by Grinder

Illustrated notes

Levels and vault maps discovered:
D:1:      shiori_arrival_oz, layout_basic
D:2:      layout_rooms, basic_altar
D:3:      layout_basic, dreamdust_wishing_well, lexackson_kobold_supper,
          uniq_grinder

Skill      XL: |  1  2  3  4 |
---------------+-------------+-----
Stealth        | 3 4 |  4.3
Fighting       | |  0.3
Short Blades   | |  0.5
Dodging        | |  2.2
Spellcasting   | |  2.2
Conjurations   | |  0.4
Ice Magic      | |  4.7

Action                     |  1- 3 |  4- 6 || total
---------------------------+-------+-------++-------
  Melee: Dagger            |    58 |    26 ||    84
         Constrict         |    12 |     7 ||    19
         Tentacles         |     7 |     2 ||     9
         Punch             |     1 |     1 ||     2
   Cast: Freeze            |     6 |       ||     6
         Magic Dart        |     6 |     1 ||     7
         Frozen Ramparts   |     2 |     4 ||     6
    Use: Scroll            |     3 |       ||     3
         Potion            |       |     2 ||     2
   Stab: Sleeping          |    16 |     2 ||    18
 Armour: Skin              |     6 |       ||     6
  Dodge: Dodged            |    38 |    14 ||    52

Table legend: (Time is in decaauts)
 A = Elapsed time spent in this place.
 B = Non-inter-level travel time spent in this place.
 C = Inter-level travel time spent in this place.
 D = Time resting spent in this place.
 E = Time spent auto-exploring this place.
 F = Levels seen in this place.
 G = Mean time per level.
                   A        B        C        D        E       F      G
               +--------+--------+--------+--------+--------+-----+--------+
         Total |   2106 |   1976 |    130 |      0 |   1616 |   3 |  702.0 |
       Dungeon |   2106 |   1976 |    130 |      0 |   1616 |   3 |  702.0 |
               +--------+--------+--------+--------+--------+-----+--------+

Top non-repeatable levels by time:
     D:1: 1079 daAuts
     D:2: 585 daAuts
     D:3: 442 daAuts
